 Dungeon Crawl Stone Soup version 0.30-a0-377-g5cb311bc9f (webtiles) character file.

Game seed: 7436952205190769094

121175 KennySheep the Tortoise (level 15, -3/118 HPs)
             Began as a Demigod Hunter on Nov 28, 2022.
             Constricted to death by Jorgrun (9 damage)
             ... on level 3 of the Swamp on Nov 29, 2022.
             The game lasted 01:07:03 (23899 turns).

KennySheep the Tortoise (Demigod Hunter)           Turns: 23899, Time: 01:07:03

Health: -3/118     AC: 32    Str: 23    XL:     15   Next: 84%
Magic:  0/18       EV: 10    Int: 11    God:
Gold:   2686       SH:  0    Dex: 29    Spells: 10/14 levels left

rFire   + + .      SeeInvis +    a - +8 arbalest (flame)
rCold   . . .      Faith    .    (shield currently unavailable)
rNeg    . . .      Spirit   +    C - +9 chain mail of Datofuzo {Rampage Str+3}
rPois   .          Reflect  .    K - +1 helmet {SInv}
rElec   .          Harm     .    e - scarf {+Inv}
rCorr   +          Rampage  +    v - +1 pair of gloves
Will    +....                    c - +1 pair of boots
Stlth   +.........               R - amulet of guardian spirit
HPRegen 0.39/turn                n - ring of flight
MPRegen 0.16/turn                W - ring "Ceotiadu" {rF++ rCorr}

@: grasped by roots, flying, constricted
A: high MP 1, forlorn, divine attributes
a: Evoke Invisibility


You were on level 3 of the Swamp.
You visited 4 branches of the dungeon, and saw 25 of its levels.

You collected 2922 gold pieces.
You spent 236 gold pieces at shops.

Inventory:

Hand Weapons
 a - a +8 arbalest of flaming (weapon)
 b - a +4 great sword
 T - the +4 quarterstaff of the Sea {venom, rF+ rN+ Int+2}
   (You found it on level 14 of the Dungeon)

   It poisons the flesh of those it strikes.
   Int:       It affects your intelligence (+2).
   rF:        It protects you from fire.
   rN:        It protects you from negative energy.
Missiles
 z - 4 throwing nets
Armour
 c - a +1 pair of boots (worn)
 e - a scarf of invisibility (worn)
 v - a +1 pair of gloves (worn)
 C - the +9 chain mail of Datofuzo (worn) {Rampage Str+3}
   (You found it on level 2 of the Lair of Beasts)

   Str:       It affects your strength (+3).
   Rampage:   It bestows one free step when moving towards enemies.
 K - a +1 helmet of see invisible (worn)
Jewellery
 n - a ring of flight (left hand)
 q - a ring of fire
 y - a +4 ring of evasion
 B - a +4 ring of evasion
 R - an amulet of guardian spirit (around neck)
 W - the ring "Ceotiadu" (right hand) {rF++ rCorr}
   (You acquired it on level 1 of the Swamp)

   [ring of resist corrosion]

   rF:        It greatly protects you from fire.
   rCorr:     It protects you from acid and corrosion.
Wands
 k - a wand of flame (6)
 m - a wand of mindburst (42)
 t - a wand of digging (13)
 w - a wand of light (11)
 F - a wand of polymorph (14)
 L - a wand of iceblast (15)
 M - a wand of paralysis (25)
Scrolls
 h - 3 scrolls of summoning
 i - 3 scrolls of immolation
 o - a scroll of amnesia
 r - 9 scrolls of identify
 s - 4 scrolls of fog
 D - 9 scrolls of teleportation
 G - a scroll of magic mapping
 O - 2 scrolls of enchant armour
 P - a scroll of silence
 U - 2 scrolls of fear
 X - a scroll of blinking
Potions
 d - 2 potions of flight
 f - 2 potions of curing
 g - 3 potions of lignification
 j - 3 potions of might
 l - 5 potions of attraction
 p - 6 potions of brilliance
 u - a potion of magic
 x - 8 potions of mutation
 A - 5 potions of ambrosia
 E - 4 potions of heal wounds
 H - 4 potions of degeneration
 I - a potion of cancellation
 J - a potion of berserk rage {unknown}
 N - 3 potions of haste
 Q - 2 potions of resistance
 S - 5 potions of invisibility


   Skills:
 - Level 7.3 Fighting
 - Level 18.0 Ranged Weapons
 * Level 18.7 Armour
 - Level 4.5 Dodging
 - Level 4.5 Stealth


You had 10 spell levels left.
You knew the following spells:

 Your Spells              Type           Power      Damage    Failure   Level
a - Anguish               Hex/Necr       0%         N/A       100%        4

Your spell library contained the following spells:

 Spells                   Type           Power      Damage    Failure   Level
 Beastly Appendage        Tmut           0%         N/A       78%         1
 Shock                    Conj/Air       0%         1d3       78%         1
 Summon Small Mammal      Summ           0%         N/A       78%         1
 Cigotuvi's Dreadful Rot  Necr/Pois/Air  0%         N/A       89%         2
 Ensorcelled Hibernation  Hex/Ice        0%         N/A       89%         2
 Poisonous Vapours        Pois/Air       0%         N/A       89%         2
 Static Discharge         Conj/Air       0%         2-2/arc   89%         2
 Sublimation of Blood     Necr           0%         N/A       89%         2
 Wereblood                Tmut           0%         N/A       89%         2
 Call Canine Familiar     Summ           0%         N/A       98%         3
 Mephitic Cloud           Conj/Pois/Air  0%         N/A       98%         3
 Spider Form              Tmut/Pois      0%         N/A       98%         3
 Summon Guardian Golem    Hex/Summ       0%         N/A       98%         3
 Swiftness                Air            0%         N/A       98%         3
 Tukima's Dance           Hex            0%         N/A       98%         3
 Vhi's Electric Charge    Tloc/Air       0%         N/A       98%         3
 Airstrike                Air            0%         2d(0-16)  100%        4
 Leda's Liquefaction      Hex/Erth       0%         N/A       100%        4
 Passage of Golubria      Tloc           0%         N/A       100%        4
 Petrify                  Tmut/Erth      0%         N/A       100%        4
 Summon Lightning Spire   Summ/Air       0%         N/A       100%        4
 Arcjolt                  Conj/Air       0%         1d10      100%        5
 Irradiate                Conj/Tmut      0%         3d11      100%        5
 Lee's Rapid Deconstruct  Erth           0%         3d4*      100%        5
 Lightning Bolt           Conj/Air       0%         1d11      100%        5
 Yara's Violent Unravell  Hex/Tmut       0%         3d3       100%        5
 Statue Form              Tmut/Erth      0%         N/A       100%        6
 Malign Gateway           Summ/Tloc      0%         N/A       100%        7
 Orb of Destruction       Conj           0%         9d5       100%        7
 Spellforged Servitor     Conj/Summ      0%         N/A       100%        7
 Summon Hydra             Summ           0%         N/A       100%        7
 Summon Horrible Things   Summ           0%         N/A       100%        8


Dungeon Overview and Level Annotations

Branches:
Dungeon (15/15)            Temple (0/1) D:5            Lair (5/5) D:8
  Swamp (3/4) Lair:2       Spider (0/4) Lair:3        Slime (0/5) Lair:4
    Orc (2/2) D:9             Elf (0/3) Orc:2        Vaults (0/5) D:13
 Depths (0/4) D:15

Shops:
D:11 *![   D:12 *   Orc:2 ?[(*

Annotations:
D:8 6 transporters
D:11 4 transporters
Lair:4 1 runed translucent door
Swamp:3 Jorgrun, Mlioglotl


Innate Abilities, Weirdness & Mutations

You have an increased reservoir of magic. (+10% MP)
You shall have no god before yourself.
Your divine heritage dramatically boosts your attributes as you level up.


Message History

You start resting.
HP restored.
You fly downwards.
Level annotation: Jorgrun, Mlioglotl
There is a stone staircase leading up, spattered with blood here.
Found a stone staircase leading up.
Jorgrun shouts!
Jorgrun gestures at you while chanting.
Roots burst forth from the earth!
The grasping roots grab you! The grasping roots constrict you.
Jorgrun is nearby!
You shoot a bolt. The bolt hits Jorgrun!!!
The bolt burns Jorgrun!!
Jorgrun is heavily wounded.
The grasping roots constrict you!
You shoot a bolt. The bolt hits Jorgrun.
The bolt burns Jorgrun.
Jorgrun is heavily wounded.
The grasping roots constrict you.
You shoot a bolt. The bolt hits Jorgrun!
The bolt burns Jorgrun!
Jorgrun is severely wounded.
The grasping roots constrict you!
You shoot a bolt. The bolt hits Jorgrun.
The bolt burns Jorgrun.
Jorgrun is severely wounded.
A goliath frog comes into view.
The grasping roots constrict you.
Mlioglotl churns violently!
Mlioglotl seems to grow stronger.
You shoot a bolt. The bolt hits Jorgrun!!
The bolt burns Jorgrun.
Jorgrun is almost dead.
Mlioglotl churns violently!
Mlioglotl corrupts the dungeon around him!
Jorgrun casts a spell at you. The iron shot hits you!!
The grasping roots constrict you!
You hear a howl!
You shoot a bolt. The bolt barely misses Jorgrun.
Jorgrun casts a spell at you. The iron shot hits you!!!
* * * LOW HITPOINT WARNING * * *
The grasping roots constrict you!
You die...

♣♣~♣♣.. <§~~
♣..♣..♣ ..~.♣
♣.~~..♣ ♣♣.~~♣
....♣ ♣♣.~~~.
♣.~.♣ ♣.~~~~.
♣~.♣
♣♣...~.♣♣♣♣~♣♣
♣..§~~....<.♣
..~F~~~@♣♣.♣♣
§~~~~♣$~♣.♣.♣
~.#.g~~♣♣♣~♣♣
~.~#~♣♣ ♣♣~♣
♣~.♣♣ ♣~~♣♣ ~!
♣♣~♣.♣ X ♣♣♣♣
♣.~.♣♣
....♣♣~~.♣
..#..~#†~♣


You could see Jorgrun and a goliath frog.

Vanquished Creatures
  Gastronok (D:8)
  A thorn hunter (Swamp:2)
  A fenstrider witch (Swamp:2)
  Roxanne (D:15)
  An orc warlord (Orc:2)
  A stone giant (D:15)
  A dire elephant (Lair:5)
  5 eleionomae
  2 bunyips
  7 hydras
  An ogre mage (D:11)
  A vault guard (D:13)
  The ghost of DeathPants the Fighter, a journeyman VSEn of Gozag (Lair:1)
  3 catoblepae
  13 two-headed ogres
  8 centaur warriors
  5 boulder beetles
  9 alligators
  4 tengu warriors
  3 death yaks (Lair:5)
  The ghost of Amyuvoew the Cleaver, a novice MiFi of Okawaru (Lair:1)
  Urug (Lair:3)
  4 orc high priests (Orc:2)
  6 goliath frogs
  A skeletal warrior (D:13)
  2 swamp dragons
  Lodul (D:10)
  2 bog bodies (Swamp:1)
  5 orc knights
  A deep elf archer (D:13)
  The ghost of Nyo the Cleaver, a novice DrBe of Trog (D:6)
  A harpy (shapeshifter) (D:15)
  2 lindwurms (Lair:5)
  Pikel (D:6)
  A deep elf pyromancer (D:10)
  A wolf spider (Lair:5)
  4 manticores
  An oklob plant (D:13)
  3 orc sorcerers (Orc:2)
  23 ugly things
  2 will-o-the-wisps
  4 slime creatures (D:15)
  8 cyclopes
  Maurice (D:8)
  15 elephants
  8 black mambas
  Maggie (D:8)
  4 cane toads
  4 komodo dragons
  2 unseen horrors
  3 rime drakes
  A yaktaur (D:15)
  A rime drake (shapeshifter) (D:13)
  An efreet (D:15)
  2 kobold demonologists (D:11)
  A freezing wraith (D:15)
  2 tengu conjurers
  A troll (shapeshifter) (D:13)
  7 trolls
  9 tyrant leeches
  A polar bear (Lair:4)
  Prince Ribbit (D:6)
  7 hornets
  5 blink frogs (Lair:3)
  2 dream sheep (Lair:5)
  A vampire (D:14)
  5 spriggans
  31 yaks
  3 wraiths
  5 wyverns
  A yak (shapeshifter) (D:13)
  2 steam dragons
  8 basilisks
  21 vampire mosquitoes
  2 wargs
  2 redbacks (Lair:3)
  11 water moccasins
  4 swamp worms (Swamp:2)
  41 orc warriors
  2 swamp drakes (Swamp:2)
  5 black bears
  An ice beast (D:7)
  5 boggarts
  18 ogres
  A lemure (D:6)
  11 centaurs
  A wolf (Lair:5)
  3 kobold brigands
  8 bullfrogs
  3 scorpions (D:6)
  A necrophage (D:3)
  A gnoll sergeant (D:7)
  26 wights
  An oklob sapling (D:13)
  3 howler monkeys
  11 electric eels (D:11)
  A bullfrog zombie (D:5)
  2 gnoll boudas
  4 hounds
  3 jellies
  24 orc priests
  Jessica (D:3)
  A scorpion zombie (D:5)
  6 iguanas
  18 orc wizards
  Terence (D:2)
  2 hound zombies (D:5)
  A howler monkey zombie (D:5)
  10 gnolls
  8 adders
  3 shadow imps
  A white imp (D:7)
  2 ufetubi (D:6)
  4 worms
  The ghost of flotson the Sneak, a weakling DsDe (D:5)
  3 dart slugs
  84 orcs
  6 bats
  6 endoplasms
  3 giant cockroaches
  7 hobgoblins
  7 jackals
  7 quokkas
  8 ball pythons
  2 frilled lizards
  A goblin (D:4)
  23 kobolds
  3 rats
715 creatures vanquished.

Vanquished Creatures (others)
  A bloated husk (Swamp:1)
  19 foxfires (Swamp:2)
  15 fungi
  14 plants
  6 withered plants (Lair:1)
55 creatures vanquished.

Grand Total: 770 creatures vanquished

Notes
Turn   | Place    | Note
-------+----------+-------------------------------------------
     0 | D:1      | KennySheep the Demigod Hunter began the quest for the Orb.
     0 | D:1      | Reached XP level 1. HP: 17/17 MP: 3/3
   207 | D:1      | Reached XP level 2. HP: 24/24 MP: 4/4
   545 | D:2      | Noticed Terence
   618 | D:2      | Killed Terence
   619 | D:2      | Reached XP level 3. HP: 24/29 MP: 5/5
  1225 | D:3      | Reached skill level 5 in Ranged Weapons
  1225 | D:3      | Reached XP level 4. HP: 34/36 MP: 6/6
  1313 | D:3      | Noticed Jessica
  1315 | D:3      | Killed Jessica
  1858 | D:3      | Noticed a necrophage
  2193 | D:3      | Killed a necrophage
  2194 | D:3      | Reached XP level 5. HP: 11/37 MP: 7/7
  2680 | D:4      | Noticed an ogre
  2684 | D:4      | Killed an ogre
  2685 | D:4      | Reached XP level 6. HP: 48/48 MP: 8/8
  3407 | D:5      | Entered Level 5 of the Dungeon
  3450 | D:5      | Reached XP level 7. HP: 39/53 MP: 9/9
  3518 | D:5      | Found a staircase to the Ecumenical Temple.
  3675 | D:5      | Found a runed translucent door.
  3696 | D:5      | Found a runed translucent door.
  3697 | D:5      | Noticed flotson's ghost (weakling DsDe)
  4108 | D:6      | Noticed a steam dragon
  4111 | D:6      | Killed a steam dragon
  4154 | D:6      | Noticed Pikel
  4160 | D:6      | Killed Pikel
  4161 | D:6      | Reached skill level 10 in Ranged Weapons
  4161 | D:6      | Reached XP level 8. HP: 47/60 MP: 10/10
  4264 | D:6      | Found a transporter.
  4269 | D:6      | Found a transporter.
  4269 | D:6      | Noticed Nyo's ghost (novice DrBe)
  4329 | D:6      | Noticed Prince Ribbit
  4343 | D:6      | Killed Prince Ribbit
  4369 | D:6      | Reached XP level 9. HP: 36/67 MP: 11/11
  6296 | D:8      | Noticed Maurice
  6539 | D:8      | Killed Maurice
  6733 | D:8      | Found a transporter.
  6737 | D:8      | Found a transporter.
  6810 | D:8      | Reached XP level 10. HP: 59/73 MP: 13/13
  6827 | D:8      | Noticed Gastronok
  6841 | D:8      | Killed Gastronok
  6842 | D:8      | Reached skill level 15 in Ranged Weapons
  7057 | D:8      | Found a transporter.
  7062 | D:8      | Found a transporter.
  7092 | D:8      | Noticed Maggie
  7099 | D:8      | Killed Maggie
  7216 | D:8      | Found a staircase to the Lair.
  7240 | D:8      | Found a transporter.
  7245 | D:8      | Found a transporter.
  7771 | D:9      | Found a staircase to the Orcish Mines.
  8170 | Orc:1    | Entered Level 1 of the Orcish Mines
  8326 | Orc:2    | Entered Level 2 of the Orcish Mines
  8326 | Orc:2    | Noticed a two-headed ogre
  8329 | Orc:2    | Noticed a two-headed ogre
  8428 | Orc:2    | Killed a two-headed ogre
  8429 | Orc:2    | Reached XP level 11. HP: 18/79 MP: 14/14
  8622 | Orc:2    | Killed a two-headed ogre
  8681 | Orc:2    | Noticed a two-headed ogre
  8697 | Orc:2    | Killed a two-headed ogre
  8868 | Orc:2    | Reached skill level 1 in Stealth
  9149 | Orc:2    | Noticed a two-headed ogre
  9158 | Orc:2    | Killed a two-headed ogre
  9364 | Orc:2    | Noticed an orc knight
  9364 | Orc:2    | Noticed a two-headed ogre
  9375 | Orc:2    | Noticed a sun demon
  9394 | Orc:2    | Noticed an orc warlord
  9581 | Orc:2    | Noticed a two-headed ogre
  9587 | Orc:2    | Killed a two-headed ogre
  9609 | Orc:2    | Noticed a two-headed ogre
  9616 | Orc:2    | Killed a two-headed ogre
 10140 | Lair:1   | Entered Level 1 of the Lair of Beasts
 10285 | Lair:1   | Noticed a catoblepas
 10322 | Lair:1   | Killed a catoblepas
 10398 | Lair:1   | Found a runed translucent gate.
 10398 | Lair:1   | Found a runed translucent gate.
 10399 | Lair:1   | Found a runed translucent gate.
 10403 | Lair:1   | Noticed DeathPants's ghost (journeyman VSEn)
 10403 | Lair:1   | Noticed Amyuvoew's ghost (novice MiFi)
 11163 | Lair:2   | Found a staircase to the Swamp.
 11193 | Lair:2   | Identified the +9 chain mail of Datofuzo {Rampage Str+3}
 11346 | Lair:2   | Reached skill level 1 in Armour
 11346 | Lair:2   | Reached XP level 12. HP: 92/92 MP: 15/15
 11800 | Lair:3   | Noticed Urug
 11849 | Lair:2   | Learned a level 4 spell: Anguish
 11921 | Lair:3   | Found a hole to the Spider Nest.
 11929 | Lair:3   | Noticed a catoblepas
 11932 | Lair:3   | Killed a catoblepas
 11997 | Lair:3   | Noticed a boulder beetle
 12003 | Lair:3   | Killed a boulder beetle
 12004 | Lair:3   | Reached skill level 5 in Fighting
 12055 | Lair:3   | Killed Urug
 12500 | Lair:4   | Reached skill level 5 in Armour
 12769 | Lair:4   | Found a runed translucent door.
 12770 | Lair:4   | Noticed an acid blob
 12771 | Lair:4   | Found a staircase to the Slime Pits.
 12771 | Lair:4   | Noticed an acid blob
 12795 | Lair:4   | Noticed a four-headed hydra
 12798 | Lair:4   | Killed a four-headed hydra
 13248 | Lair:5   | Entered Level 5 of the Lair of Beasts
 13681 | Lair:5   | Reached XP level 13. HP: 103/104 MP: 16/16
 14133 | Lair:5   | Noticed a dire elephant
 14170 | Lair:5   | Killed a dire elephant
 14666 | D:10     | Entered Level 10 of the Dungeon
 14817 | D:10     | Noticed Lodul
 15030 | Orc:2    | Reached skill level 10 in Armour
 15034 | Orc:2    | Killed an orc warlord
 15087 | Orc:2    | Found Qeohowun's Magic Scroll Boutique.
 15297 | Orc:2    | Found Johej's Armour Shoppe.
 15414 | Orc:2    | Found a staircase to the Elven Halls.
 15701 | Orc:2    | Found Dint's General Store.
 15712 | Orc:2    | Found Yfoanae's Weapon Shop.
 15910 | Orc:2    | Bought a +1 pair of gloves for 161 gold pieces
 16150 | D:11     | Found a transporter.
 16153 | D:11     | Found a transporter.
 16155 | D:11     | Found a transporter.
 16155 | D:11     | Identified the +1 robe of the Eternal Fruit {Contam Rampage
                  | rPois Archmagi}
 16157 | D:11     | Found a transporter.
 16290 | D:11     | Found Diskin's Distillery.
 16326 | D:11     | Bought a potion of heal wounds for 50 gold pieces
 16446 | D:11     | Reached XP level 14. HP: 113/113 MP: 17/17
 16523 | D:11     | Found Lotzam's Armour Shop.
 16725 | D:11     | Found Uxigomp's Assorted Antiques.
 17495 | D:12     | Found Ahow's Assorted Antiques.
 17505 | D:12     | Bought a scroll labelled REOSICROIX for 25 gold pieces
 18328 | D:13     | Found a gate to the Vaults.
 18765 | D:14     | Identified the +4 quarterstaff of the Sea {venom, rF+ rN+
                  | Int+2}
 18779 | D:14     | Reached skill level 15 in Armour
 19225 | D:15     | Entered Level 15 of the Dungeon
 19229 | D:15     | Identified Roxanne's Codex of Earth
 19229 | D:15     | Noticed Roxanne
 19247 | D:15     | Killed Roxanne
 19479 | D:15     | Reached XP level 15. HP: 118/118 MP: 18/18
 19854 | D:15     | Found a staircase to the Depths.
 20518 | D:10     | Killed Lodul
 20820 | D:5      | Killed flotson's ghost
 20890 | D:6      | Killed Nyo's ghost
 21115 | Lair:1   | Killed DeathPants's ghost
 21120 | Lair:1   | Killed Amyuvoew's ghost
 21308 | Swamp:1  | Entered Level 1 of the Swamp
 21381 | Swamp:1  | Identified a scroll of acquirement
 21398 | Swamp:1  | Acquired the ring "Ceotiadu" {rF++ rCorr}
 22377 | Swamp:2  | Noticed a thorn hunter
 22734 | Swamp:2  | Killed a thorn hunter
 23311 | Swamp:3  | Noticed Jorgrun
 23314 | Swamp:3  | Noticed Mlioglotl
 23330 | Swamp:3  | Noticed a fenstrider witch
 23573 | Swamp:2  | Killed a fenstrider witch
 23899 | Swamp:3  | Constricted to death by Jorgrun

Illustrated notes

Levels and vault maps discovered:
D:1:      heliophobic_arrival_ceremonial_halls, layout_rooms,
          minmay_curled_crystal, minmay_tetromino_s4
D:2:      layout_basic, basic_altar, uniq_terence
D:3:      layout_basic, serial_curves, eino_curves_02, eino_curves_03,
          eino_curves_03, dreamdust_ecumenical_altar_grove, uniq_jessica
D:4:      layout_cave_pods, lemuel_tele_altar, nicolae_gozag_seed_capital,
          mainiacjoe_overflow_two_lobes, minmay_pentomino_pile
D:5:      layout_cave_pools, nicolae_yredelemnul_corpse_copse,
          nicolae_vehumet_altar_sigil, minmay_temple_entry_wispy,
          ebering_ghost_sewer_f, hellmonk_bongcloud_opening, minmay_holes,
          hangedman_abyss_or_decor_lesser_grid, hangedman_decor_clover_reticule
D:6:      layout_rooms, gammafunk_ghost_arena, patterned_corridor,
          uniq_prince_ribbit1, uniq_pikel
D:7:      layout_basic, kennysheep_little_box, evilmike_ruin_ashenzari,
          minivault_5
D:8:      layout_rooms, mainiacjoe_overflow_divided_tiny,
          grunt_lair_entry_orc_guard_hut, serial_nicolae_subway,
          nicolae_sub_station_stone, nicolae_sub_station_crystal,
          nicolae_sub_station_metal, uniq_maurice, uniq_maggie, uniq_gastronok
D:9:      layout_rooms, orc_0_dummy
D:10:     layout_rooms, uniq_lodul
D:11:     minmay_distorted_concentric_squares, layout_basic, serial_shops,
          nicolae_shop_hallway_plus, nicolae_shop_waterfront, shop,
          nicolae_diode_intersection
D:12:     layout_roguey, serial_shops, shop, uniq_sonja
D:13:     layout_cave_pools, david_vaults_5, introduction_to_nature_2
D:14:     layout_long_grid
D:15:     grunt_enter_depths_snipers, layout_gridville, minivault_23,
          uniq_roxanne
Lair:1:   layout_cave_pods, gammafunk_ghost_cemetery, grunt_megastairs_5,
          infiniplex_staircase_pool
Lair:2:   layout_chaotic_city, swamp_mist_pool
Lair:3:   layout_big_grid, spider_nest_entry_webs,
          nicolae_quartered_pool_impasse, lemuel_old_faithful,
          lemuel_fruit_fields, uniq_urug
Lair:4:   layout_gridlike, slime_entry_2, grunt_megastairs_2
Lair:5:   hangedman_lair_in_review, layout_cave_pods,
          infiniplex_staircase_pool_2
Swamp:1:  layout_basic_swamp, evilmike_swamp_ruin_wall, swamp_pool1,
          nicolae_swamp_some_circles
Swamp:2:  layout_basic_swamp, evilmike_swamp_ruin_rubble_2, swamp_pool1
Swamp:3:  layout_falls_marsh, evilmike_swamp_ruin_rubble_1,
          statue_in_the_mist_lemuel, uniq_jorgrun, uniq_mlioglotl
Orc:1:    layout_diamond_mine, uniq_josephine
Orc:2:    pubby_orc_utopia, serial_shops

Skill      XL: |  1  2  3  4  5  6  7  8  9 10 11 12 13 14 15 |
---------------+----------------------------------------------+-----
Ranged Weapons | 4 5 6 7 8 10 11 14 16 17 18 | 18.0
Stealth        | 4 |  4.5
Dodging        | 4 |  4.5
Fighting       | 4 6 7 |  7.3
Armour         | 1 7 12 16 18 | 18.7

Action                   |  1- 3 |  4- 6 |  7- 9 | 10-12 | 13-15 || total
-------------------------+-------+-------+-------+-------+-------++-------
Melee: Arbalest          |       |     6 |       |       |       ||     6
 Fire: Shortbow          |    57 |    10 |       |       |       ||    67
       Arbalest          |     4 |   116 |   197 |   548 |  1076 ||  1941
  Use: Scroll            |     4 |     5 |       |    24 |     6 ||    39
       Potion            |       |     2 |     6 |     5 |     4 ||    17
Armor: Leather armour    |     2 |    23 |     1 |       |       ||    26
       Steam dragon scal |       |       |    22 |    56 |       ||    78
       Chain mail        |       |       |       |     9 |   415 ||   424
Dodge: Dodged            |    20 |    52 |    88 |   221 |   432 ||   813

Table legend: (Time is in decaauts)
 A = Elapsed time spent in this place.
 B = Non-inter-level travel time spent in this place.
 C = Inter-level travel time spent in this place.
 D = Time resting spent in this place.
 E = Time spent auto-exploring this place.
 F = Levels seen in this place.
 G = Mean time per level.
                   A        B        C        D        E       F      G
               +--------+--------+--------+--------+--------+-----+--------+
         Total |  24543 |  22853 |   1690 |   3374 |  14947 |  25 |  981.7 |
       Dungeon |  13852 |  12834 |   1018 |   1411 |   8998 |  15 |  923.5 |
          Lair |   4938 |   4490 |    448 |    125 |   3566 |   5 |  987.6 |
         Swamp |   2643 |   2596 |     47 |    883 |   1212 |   3 |  881.0 |
  Orcish Mines |   3109 |   2934 |    175 |    954 |   1171 |   2 | 1554.5 |
               +--------+--------+--------+--------+--------+-----+--------+

Top non-repeatable levels by time:
   Orc:2: 2423 daAuts
     D:7: 1687 daAuts
  Lair:5: 1361 daAuts
 Swamp:2: 1348 daAuts
     D:3: 1296 daAuts
    D:15: 1146 daAuts
     D:8: 1079 daAuts
    D:11: 1023 daAuts
  Lair:2: 1015 daAuts
     D:6: 1005 daAuts
 Swamp:1: 991 daAuts
     D:4: 991 daAuts
  Lair:1: 961 daAuts
  Lair:4: 932 daAuts
    D:14: 910 daAuts
